 Dungeon Crawl Stone Soup version 0.31-a0-152-g6aa68a64a1 (webtiles) character file.

Game seed: 9334156180014809642

81 qw the Shooter (level 4, 0/39 HPs)
             Began as a Naga Hunter on June 9, 2023.
             Succumbed to an adder's poison
             ... on level 2 of the Dungeon.
             The game lasted 00:00:22 (1027 turns).

qw the Shooter (Naga Hunter)                        Turns: 1027, Time: 00:00:23

Health: 0/39       AC:  2    Str: 14    XL:     4   Next: 40%
Magic:  4/4        EV:  9    Int:  9    God:
Gold:   111        SH:  0    Dex: 16    Spells: 3/3 levels left

rFire   . . .        Y - +0 shortbow
rCold   . . .        (shield currently unavailable)
rNeg    + . .        c - +0 leather armour
rPois   +            (no helmet)
rElec   .            (no cloak)
rCorr   .            (no gloves)
SInv    +            (no barding)
Will    .....        (no amulet)
Stlth   ++           f - ring of positive energy
HPRegen 0.26/turn    (no ring)
MPRegen 0.09/turn

%: no passive effects
@: lethally poisoned (0 -> -2), short of breath, very slow
A: AC +1, large, see invisible, deformed body, poison resistance, slowness 2,
spit poison 1, naga tail 1
a: Spit Poison


You were on level 2 of the Dungeon.
You visited 1 branch of the dungeon, and saw 2 of its levels.

You collected 111 gold pieces.


Innate Abilities, Weirdness & Mutations

Your serpentine skin is tough. (AC +1)
You have supernaturally acute eyesight. (SInv)
Armour fits poorly on your strangely shaped body.
Your system is resistant to poisons. (rPois)
You cover ground very slowly.
You can spit poison.
You have a snake-like lower body.


   Skills:
 + Level 2.0 Fighting
 - Level 5.2 Ranged Weapons
 - Level 1.5 Dodging
 - Level 1.5 Stealth


You had 3 spell levels left.
You didn't know any spells.
Your spell library was empty.

Inventory:

Hand Weapons
 Y - a +0 shortbow (weapon)
Armour
 c - a +0 leather armour (worn)
Jewellery
 f - a ring of positive energy (left hand)
Scrolls
 b - 2 scrolls of identify
Potions
 a - a potion of invisibility {unknown}
 g - a potion of attraction {unknown}
 h - 2 potions of curing
 k - a potion of might {unknown}
 l - a potion of experience {unknown}

Dungeon Overview and Level Annotations

Branches:
Dungeon (2/15)

Altars:


Message History

Natasha casts a spell at you. The magic dart hits you.
The adder closely misses you.
1019 ||| INVOKING Spit Poison.
Aiming: Spit Poison (2% risk of failure)
Press: ? - help, Shift-Dir - straight line, f/p - Natasha You fail to use your ability.
Natasha casts a spell at you. You resist with some effort.
The adder barely misses you.
1020 ||| INVOKING Spit Poison.
Aiming: Spit Poison (2% risk of failure)
Press: ? - help, Shift-Dir - straight line, f/p - Natasha The splash of poison hits Natasha.
Natasha is poisoned.
Natasha is heavily wounded.
Natasha claws you. The adder bites you.
You shoot an arrow. The arrow hits Natasha!
You kill Natasha!
Natasha growls in agony!
The adder bites you. The adder closely misses you.
Your Ranged Weapons skill increases to level 5!
You have reached level 4!
You feel stronger.
You shoot an arrow.
The arrow hits the adder but does no damage.
You have got your breath back.
The adder bites you but does no damage.
1023 ||| INVOKING Spit Poison.
Aiming: Spit Poison (1% risk of failure)
Press: ? - help, Shift-Dir - straight line, f/p - adder The splash of poison hits the adder.
The adder is poisoned.
The adder is lightly wounded.
The adder bites you but does no damage. The adder bites you.
You are lethally poisoned!
The adder poisons you!
You shoot an arrow. The arrow closely misses the adder.
You feel sick. The adder closely misses you.
You shoot an arrow. The arrow closely misses the adder.
You feel sick. The adder barely misses you. x2
You shoot an arrow. The arrow barely misses the adder.
You feel sick. The adder bites you.
You shoot an arrow. The arrow closely misses the adder.
You die...

. #########. ..
......... ..)
#S%......
...%###@##
...>.....#
..#......#
....###..# ..# #.##
#. ###.#### .# .#.
###......###.#.
....#.....#........
.........##........


You could see an adder (poisoned).

Vanquished Creatures
  Natasha (twice) (D:2)
  An adder (D:1)
  A dart slug (D:2)
  An endoplasm (D:1)
  A giant cockroach (D:1)
  2 goblins (D:1)
  4 hobgoblins
  A ball python (D:2)
  4 bats
  A frilled lizard (D:1)
  6 rats
24 creatures vanquished.

Notes
Turn   | Place    | Note
-------+----------+-------------------------------------------
     0 | D:1      | qw the Naga Hunter began the quest for the Orb.
     0 | D:1      | Reached XP level 1. HP: 19/19 MP: 1/1
     0 | D:1      | 0 ||| qw: Version: 0.2-a-122-gbc61b45
     0 | D:1      | 0 ||| qw: Game counter: 3276
     0 | D:1      | 0 ||| qw: Always use a shield: true
     0 | D:1      | 0 ||| qw: God list: Okawaru
     0 | D:1      | 0 ||| qw: Allow faded altars: false
     0 | D:1      | 0 ||| qw: Do Orc after D:15 true
     0 | D:1      | 0 ||| qw: Do second Lair branch before Depths: true
     0 | D:1      | 0 ||| qw: Lair rune preference: random
     0 | D:1      | 0 ||| qw: Plans: Normal
     0 | D:1      | 0 ||| PLANNING D:1-11
    90 | D:1      | 90 ||| INVOKING Spit Poison.
   126 | D:1      | 126 ||| INVOKING Spit Poison.
   159 | D:1      | 159 ||| INVOKING Spit Poison.
   187 | D:1      | 187 ||| INVOKING Spit Poison.
   215 | D:1      | 215 ||| INVOKING Spit Poison.
   222 | D:1      | 222 ||| INVOKING Spit Poison.
   223 | D:1      | Reached skill level 4 in Ranged Weapons
   223 | D:1      | Reached XP level 2. HP: 26/26 MP: 2/2
   242 | D:1      | 242 ||| INVOKING Spit Poison.
   341 | D:1      | 341 ||| INVOKING Spit Poison.
   381 | D:1      | 381 ||| INVOKING Spit Poison.
   391 | D:1      | 391 ||| INVOKING Spit Poison.
   443 | D:1      | 443 ||| INVOKING Spit Poison.
   449 | D:1      | 449 ||| INVOKING Spit Poison.
   640 | D:1      | 640 ||| UPGRADING to ring of positive energy.
   641 | D:1      | 641 ||| READING scroll labelled CEAMIR KUIFA.
   642 | D:1      | 642 ||| READING scroll labelled QIACKYC FUCO.
   643 | D:1      | 643 ||| READING scroll labelled KIKUAC PE DACS.
   644 | D:1      | 644 ||| DRINKING 2 black potions.
   645 | D:1      | 645 ||| DRINKING 2 metallic yellow potions.
   646 | D:1      | 646 ||| DROPPING scroll of butterflies.
   647 | D:1      | 647 ||| DROPPING potion of enlightenment.
   769 | D:2      | 769 ||| INVOKING Spit Poison.
   773 | D:2      | 773 ||| STAIRDANCE
   775 | D:1      | 775 ||| INVOKING Spit Poison.
   778 | D:1      | 778 ||| INVOKING Spit Poison.
   839 | D:2      | Reached XP level 3. HP: 32/32 MP: 3/3
   870 | D:2      | 870 ||| INVOKING Spit Poison.
   887 | D:2      | 887 ||| INVOKING Spit Poison.
   887 | D:2      | Noticed Natasha
   890 | D:2      | 890 ||| INVOKING Spit Poison.
   896 | D:2      | 896 ||| INVOKING Spit Poison.
   896 | D:2      | Killed Natasha
   950 | D:2      | Found a faded altar of an unknown god.
  1004 | D:2      | 1004 ||| INVOKING Spit Poison.
  1010 | D:2      | Noticed Natasha
  1013 | D:2      | 1013 ||| INVOKING Spit Poison.
  1019 | D:2      | 1019 ||| INVOKING Spit Poison.
  1020 | D:2      | 1020 ||| INVOKING Spit Poison.
  1020 | D:2      | HP: 8/32 [adder (4)]
  1021 | D:2      | Killed Natasha
  1022 | D:2      | Reached skill level 5 in Ranged Weapons
  1022 | D:2      | Reached XP level 4. HP: 7/39 MP: 4/4
  1023 | D:2      | 1023 ||| INVOKING Spit Poison.
  1025 | D:2      | HP: 4/39 [poisoned by an adder]
  1027 | D:2      | Succumbed to an adder's poison

Levels and vault maps discovered:
D:1:      lightli_arrival_noodles, layout_loops_ring
D:2:      layout_rooms, serial_shops, shop, hellmonk_ecumenical_altar_run_dry,
          uniq_jessica, uniq_natasha

Skill      XL: |  1  2  3 |
---------------+----------+-----
Ranged Weapons | 4 5 |  5.2
Fighting       | |  2.0
Dodging        | |  1.5
Stealth        | |  1.5

Action                     |  1- 3 |  4- 6 || total
---------------------------+-------+-------++-------
   Fire: Shortbow          |    48 |     5 ||    53
Ability: Spit Poison       |    22 |     1 ||    23
    Use: Scroll            |     3 |       ||     3
         Potion            |     2 |       ||     2
 Armour: Leather armour    |     7 |     2 ||     9
  Dodge: Dodged            |    14 |     3 ||    17

Table legend:
 A = Non-vault XP
 B = Vault XP
 C = Vault XP percentage of total XP
 D = Non-vault monster count
 E = Vault monster count
 F = Vault count percentage of total count
                 A         B        C        D         E       F
            +---------+---------+-------+---------+---------+-------
      Total |      81 |      35 |  30.2 |      23 |       1 |   4.2
            +---------+---------+-------+---------+---------+-------
        D:1 |      33 |       0 |   0.0 |      15 |       0 |   0.0
        D:2 |      48 |      35 |  42.2 |       8 |       1 |  11.1
            +---------+---------+-------+---------+---------+-------
